 Dungeon Crawl Stone Soup version 0.17.1-2-g5865329 (webtiles) character file.

608 xeno23 the Slasher (level 7, -1/46 HPs)
             Began as a High Elf Skald on Jan 29, 2016.
             Shot with an arrow by a centaur (5 damage)
             ... on level 5 of the Dungeon.
             The game lasted 00:21:16 (3831 turns).

xeno23 the Slasher (High Elf Skald)                 Turns: 3831, Time: 00:21:16

Health: -1/46      AC:  8    Str: 18    XL:     7   Next: 19%
Magic:  12/12      EV: 17    Int: 16    God:
Gold:   269        SH:  0    Dex: 20    Spells: 4 memorised, 3 levels left

rFire  + . .     SeeInvis .     t - +3 long sword (holy)
rCold  . . .     Clarity  .     u - +0 ring mail
rNeg   . . .     SustAt   .     (no shield)
rPois  .         Gourm    .     B - +0 helmet (curse)
rElec  .         Spirit   .     (no cloak)
rCorr  .         Warding  .     a - +0 pair of gloves
rMut   .         Stasis   +     s - +0 pair of boots
MR     .....                    o - amulet of stasis
Stlth  +.........               y - ring of loudness (curse)
                                i - ring of protection from fire

@: mighty, agile, very slightly contaminated, not resistant to hostile
enchantments, very unstealthy
A: no striking features
a: no special abilities


You were on level 5 of the Dungeon.
You were very hungry.

You visited 1 branch of the dungeon, and saw 5 of its levels.

You collected 269 gold pieces.

Inventory:

Hand Weapons
 j - the +1 quarterstaff of Res Nullius {crush, +Fly}
   (You found it on level 4 of the Dungeon)

   It inflicts extra damage upon your enemies.
   It lets you fly.
 r - a +0 spear
 t - a +3 long sword of holy wrath (weapon)
Missiles
 p - 3 curare-tipped needles
 v - 18 poisoned needles
Armour
 a - a +0 pair of gloves (worn)
 s - a +0 pair of boots (worn)
 u - a +0 ring mail (worn)
 B - a cursed +0 helmet (worn)
Jewellery
 i - a ring of protection from fire (left hand)
 o - an amulet of stasis (around neck)
 y - a cursed ring of loudness (right hand)
Wands
 h - a wand of random effects (21)
Scrolls
 e - a scroll of magic mapping
 l - a scroll of identify
 q - 3 scrolls of teleportation
Potions
 g - a potion of haste {unknown}
 k - a potion of degeneration {unknown}
 m - a potion of flight {unknown}
 x - a potion of might
 z - a potion of lignification
Books
 c - a book of Battle

   Spells                             Type                      Level
   a - Infusion                       Charms                       1
   b - Shroud of Golubria             Charms/Translocation         2
   c - Song of Slaying                Charms                       2
   d - Spectral Weapon                Hexes/Charms                 3
   e - Regeneration                   Charms/Necromancy            3
Comestibles
 d - 5 bread rations
 n - a meat ration


   Skills:
 + Level 3.5 Fighting
 * Level 5.4 Long Blades
 + Level 2.3 Armour
 + Level 2.7 Dodging
 - Level 3.0 Spellcasting
 * Level 1.9 Hexes
 + Level 4.8 Charms
 + Level 2.3 Translocations


You had 3 spell levels left.
You knew the following spells:

 Your Spells              Type           Power        Failure   Level  Hunger
a - Infusion              Chrm           ###...       4%          1    #......
d - Shroud of Golubria    Chrm/Tloc      ##........   14%         2    ##.....
e - Regeneration          Chrm/Necr      ##........   38%         3    ###....
s - Spectral Weapon       Hex/Chrm       ##......     24%         3    ###....


Dungeon Overview and Level Annotations

Branches:
Dungeon (5/15)
 Temple: D:4-7

Altars:
Cheibriados
Elyvilon
Nemelex Xobeh
Okawaru
Qazlal
Sif Muna

Annotations:
D:4 pedritolo's ghost, amateur DsCK


Message History

A puff of flame appears from out of thin air!
The puff of flame misses you.
The puff of flame hits your spectral weapon.
Your spectral weapon resists.
Your spectral weapon shares its damage with you!
* * * LOW HITPOINT WARNING * * *
You take 2 damage.
You slash something!
Reactivating autopickup.
You feel a bit more experienced.
Your shroud unravels.
The centaur shoots an arrow.
The arrow hits you but does no damage.
The centaur shoots an arrow.
The arrow closely misses you.
You see here an arrow.
Read which item? (? for menu, Esc to quit)
Okay, then.
Drink which item? (? for menu, Esc to quit)
Okay, then.
The centaur shoots an arrow.
The arrow hits you.
You die...

##########+###
.............#
.............#
.............#
.............#
......c..@...#
####+####)###
#.....#...@(#
#.....#....(#
#.....#.....#
#.....#.....#
#.....#....(#
#.....#.....#
#.....#.....#
###...##.####
##...##.#


You could see a centaur.

Vanquished Creatures
  Sigmund (D:5)
  Purgy (D:4)
  2 ogres (D:4)
  2 scorpions (D:4)
  A centaur skeleton (D:4)
  A hound (D:4)
  5 adders
  2 oozes
  2 worms (D:3)
  An orc (D:3)
  8 bats
  5 giant cockroaches
  13 goblins
  5 hobgoblins
  4 kobolds
  3 ball pythons
  A giant gecko (D:1)
  6 giant newts
  5 rats
68 creatures vanquished.

Notes
Turn   | Place    | Note
--------------------------------------------------------------
     0 | D:1      | xeno23 the High Elf Skald began the quest for the Orb.
     0 | D:1      | Reached XP level 1. HP: 14/14 MP: 4/4
    25 | D:1      | Reached skill level 1 in Armour
   161 | D:1      | Reached XP level 2. HP: 13/19 MP: 3/6
   881 | D:2      | Reached XP level 3. HP: 12/24 MP: 4/7
   917 | D:2      | Learned a level 2 spell: Shroud of Golubria
   921 | D:2      | Learned a level 3 spell: Regeneration
  1380 | D:2      | Found a deep blue altar of Sif Muna.
  1551 | D:2      | Reached skill level 4 in Charms
  1736 | D:2      | Found a white marble altar of Elyvilon.
  1740 | D:2      | Found a sparkling altar of Nemelex Xobeh.
  1740 | D:2      | Found a stormy altar of Qazlal.
  1751 | D:2      | Found a snail-covered altar of Cheibriados.
  1754 | D:2      | Found an iron altar of Okawaru.
  1878 | D:3      | Reached XP level 4. HP: 28/30 MP: 8/8
  2676 | D:4      | Noticed an ogre
  2720 | D:4      | Noticed Purgy
  2735 | D:4      | Killed Purgy
  2735 | D:4      | Reached skill level 1 in Translocations
  2735 | D:4      | Reached XP level 5. HP: 6/36 MP: 1/10
  2945 | D:4      | Learned a level 3 spell: Spectral Weapon
  2985 | D:4      | Reached XP level 6. HP: 40/42 MP: 7/11
  3079 | D:4      | Noticed an ogre
  3099 | D:4      | Killed an ogre
  3124 | D:4      | Reached skill level 5 in Long Blades
  3124 | D:4      | Reached skill level 1 in Hexes
  3313 | D:4      | Noticed pedritolo's ghost (amateur DsCK)
  3364 | D:4      | Killed an ogre
  3562 | D:4      | Got a fine quarterstaff
  3563 | D:4      | Identified the +1 quarterstaff of Res Nullius {crush, +Fly} (You found it on level 4 of the Dungeon)
  3719 | D:4      | Reached XP level 7. HP: 33/46 MP: 6/12
  3789 | D:5      | Entered Level 5 of the Dungeon
  3811 | D:5      | Noticed Sigmund
  3829 | D:5      | Killed Sigmund
  3831 | D:5      | Shot with an arrow by a centaur

Action                   |  1- 3 |  4- 6 |  7- 9 || total
-------------------------+-------+-------+-------++-------
Melee: Falchion          |   115 |    11 |       ||   126
       Long sword        |       |    65 |    14 ||    79
       Spear             |       |    18 |       ||    18
 Cast: Infusion          |    14 |     8 |     1 ||    23
       Shroud of Golubri |     1 |     6 |     2 ||     9
       Regeneration      |     1 |     2 |       ||     3
       Spectral Weapon   |       |     3 |     1 ||     4
  Use: Potion            |     4 |     2 |     3 ||     9
       Scroll            |       |     6 |       ||     6
 Stab: Sleeping          |     2 |       |       ||     2
  Eat: Chunk             |     3 |     8 |       ||    11
